 Dungeon Crawl Stone Soup version 0.21.1-1-g345015f (console) character file.

222 toffzen the Sneak (level 5, -2/36 HPs)
             Began as an Octopode Wanderer on June 25, 2018.
             Slain by a phantom (6 damage)
             ... on level 4 of the Dungeon.
             The game lasted 00:11:23 (3724 turns).

toffzen the Sneak (Octopode Wanderer)               Turns: 3724, Time: 00:11:24

Health: -2/36      AC:  4    Str:  9    XL:     5   Next: 99%
Magic:  5/5        EV: 14    Int: 15    God:
Gold:   90         SH:  4    Dex: 14    Spells: 3/4 levels left

rFire    . . .     SeeInvis .   a - +0 flail
rCold    . . .     Gourm    .   (no shield)
rNeg     . . .     Faith    .   (helmet restricted)
rPois    .         Spirit   .   n - +4 amulet of reflection
rElec    .         Reflect  +   m - +3 ring of protection
rCorr    .         Harm     .   (no ring)
MR       .....                  (no ring)
Stlth    ++++......             (no ring)
HPRegen  0.12/turn              (no ring)
MPRegen  0.09/turn              (no ring)
                                (no ring)
                                (no ring)

@: hasted, very quick
A: almost no armour, stealthy swim, amphibious, 8 rings, constrict 8, camouflage
1, gelatinous body 1
a: no special abilities


You were on level 4 of the Dungeon.
You were not hungry.

You visited 1 branch of the dungeon, and saw 4 of its levels.

You collected 90 gold pieces.

Inventory:

Hand Weapons
 a - a +0 flail (weapon)
 b - a +0 mace
 d - a +0 dagger
 q - a +0 blowgun
Missiles
 g - 13 sling bullets
 h - 99 stones (quivered)
 r - 9 poisoned needles
Jewellery
 m - a +3 ring of protection (left tentacle)
 n - a +4 amulet of reflection (around mantle)
Scrolls
 e - 2 scrolls of blinking
 i - a scroll of remove curse
 o - a scroll of magic mapping {unknown}
 t - a scroll of amnesia {unknown}
 u - 2 scrolls of teleportation {unknown}
 w - a scroll of immolation {unknown}
 x - a scroll of fog {unknown}
 A - a scroll of enchant armour {unknown}
Potions
 j - a potion of heal wounds {unknown}
 p - 2 potions of lignification {unknown}
 s - a potion of curing {unknown}
Books
 c - Poenn's Volume of Cold

   Spells                             Type                      Level
   a - Freeze                         Ice                          1
   b - Ozocubu's Armour               Charms/Ice                   3
 v - a book of Geomancy

   Spells                             Type                      Level
   a - Sandblast                      Earth                        1
   b - Passwall                       Transmutation/Earth          2
   c - Stone Arrow                    Conjuration/Earth            3
   d - Petrify                        Transmutation/Earth          4
   e - Lee's Rapid Deconstruction     Earth                        5
Comestibles
 f - 5 rations


   Skills:
 + Level 3.0 Fighting
 - Level 2.7 Maces & Flails
 + Level 2.8 Dodging
 + Level 5.1 Stealth
   Level 2.0 Transmutations
 - Level 3.0 Ice Magic


You had 3 spell levels left.
You knew the following spells:

 Your Spells              Type           Power        Failure   Level  Hunger
a - Freeze                Ice            #...         8%          1    ##.....


Dungeon Overview and Level Annotations

Branches:
Dungeon (4/15)
 Temple: D:4-7

Altars:


Innate Abilities, Weirdness & Mutations

You cannot wear most types of armour.
You are very stealthy in the water. (Stealth+)
You are amphibious.
You can wear up to eight rings at the same time.
You can use your tentacles to constrict eight enemies at once.
Your skin changes colour to match your surroundings (Stealth+).
Your rubbery body absorbs attacks. (AC +1, EV +1)


Message History

The phantom closely misses you. x2
You barely miss the phantom.
The phantom is heavily damaged.
You block the phantom's attack.
You miss the phantom. You squeeze the phantom.
The phantom is severely damaged.
The phantom barely misses you.
You closely miss the phantom.
The phantom is severely damaged.
The phantom hits you.
* * * LOW HITPOINT WARNING * * *
You feel yourself speed up. You block the phantom's attack.
You hit the phantom but do no damage. Your squeeze misses the phantom.
The phantom is severely damaged.
The phantom hits you.
* * * LOW HITPOINT WARNING * * *
You sock the phantom! Your squeeze misses the phantom.
The phantom is almost destroyed.
The phantom hits you.
You die...

#.# #.# #.###.#
#.#...######### .
#.............
##..
###.#.##.....#
...(.
#.#.##.....##....
#.#........#(.(
#.####......# #.#
##...@W#
#.###....###
#.##.....####
#.............
####.###...###
#.# ###.# #.# o#
#.# o# #.# #


You could see a phantom.

Vanquished Creatures
  A crimson imp (D:4)
  A centaur skeleton (D:4)
  An iguana (D:4)
  A worker ant (D:4)
  2 adders (D:3)
  2 oozes
  4 worms
  A dart slug (D:2)
  4 leopard geckos
  An orc (D:3)
  6 giant cockroaches
  4 goblins
  9 hobgoblins
  4 jackals (D:1)
  8 kobolds
  4 quokkas
  4 bats
  4 frilled lizards
  A quokka skeleton (D:4)
  6 rats
68 creatures vanquished.

Notes
Turn   | Place    | Note
-------+----------+-------------------------------------------
     0 | D:1      | toffzen the Octopode Wanderer began the quest for the Orb.
     0 | D:1      | toffzen set off with: a book of Geomancy, a +0 mace, Poenn's Volume of Cold, a +0 dagger, a ration
     0 | D:1      | Reached XP level 1. HP: 13/13 MP: 1/1
     0 | D:1      | Identified Poenn's Volume of Cold
   130 | D:1      | Reached skill level 3 in Stealth
   154 | D:1      | Reached XP level 2. HP: 15/18 MP: 2/2
   472 | D:1      | Reached skill level 1 in Dodging
   546 | D:1      | Reached XP level 3. HP: 21/23 MP: 3/3
  1117 | D:2      | Learned a level 1 spell: Freeze
  1998 | D:2      | Reached XP level 4. HP: 26/29 MP: 4/4
  2494 | D:3      | Reached skill level 4 in Stealth
  3168 | D:4      | Reached XP level 5. HP: 32/35 MP: 5/5
  3406 | D:4      | Reached skill level 5 in Stealth
  3688 | D:4      | Noticed a phantom
  3724 | D:4      | Slain by a phantom

Skill      XL: |  1  2  3  4  5 |
---------------+----------------+-----
Stealth        | 3 4 5 |  5.1
Dodging        | 1 2 |  2.8
Fighting       | 2 3 |  3.0
Maces & Flails | |  2.7
Transmutations | |  2.0
Ice Magic      | |  3.0

Action                   |  1- 3 |  4- 6 || total
-------------------------+-------+-------++-------
Melee: Mace              |    80 |    38 ||   118
       Constrict         |    21 |    20 ||    41
       Tentacles         |    14 |    17 ||    31
       Flail             |       |    61 ||    61
 Fire: Blowgun           |       |     3 ||     3
Throw: Stone             |       |    13 ||    13
  Use: Scroll            |       |     4 ||     4
       Potion            |       |     3 ||     3
 Stab: Sleeping          |    10 |     6 ||    16
  Eat: Ration            |     1 |       ||     1
       Chunk             |       |     5 ||     5
Armor: Skin              |    12 |     8 ||    20
Dodge: Dodged            |    55 |    47 ||   102
Block: Other             |       |     7 ||     7
